 Dungeon Crawl Stone Soup version 0.27.1-33-g824d729ab1 (webtiles) character file.

Game seed: 5276967283989802624

32 Holzbalken the Chopper (level 3, 0/27 HPs)
             Began as a Demonspawn Gladiator on Dec 8, 2021.
             Slain by a kobold (5 damage)
             ... on level 1 of the Dungeon.
             The game lasted 00:01:39 (714 turns).

Holzbalken the Chopper (Demonspawn Gladiator)        Turns: 714, Time: 00:01:42

Health: 0/27       AC:  4    Str: 15    XL:     3   Next: 8%
Magic:  3/3        EV: 12    Int:  9    God:
Gold:   7          SH:  4    Dex: 14    Spells: 2/2 levels left

rFire    . . .     SeeInvis .   a - +0 war axe
rCold    . . .     Faith    .   (no shield)
rNeg     . . .     Spirit   .   b - +0 leather armour
rPois    .         Reflect  .   c - +0 helmet
rElec    .         Harm     .   (no cloak)
rCorr    .         Rampage  .   (no gloves)
Will     .....                  (no boots)
Stlth    +.........             (no amulet)
HPRegen  0.09/turn              (no ring)
MPRegen  0.08/turn              (no ring)

@: lethally poisoned (0 -> -6)
A: condensation shield
a: no special abilities


You were on level 1 of the Dungeon.
You visited 1 branch of the dungeon, and saw 1 of its levels.

You collected 7 gold pieces.

Inventory:

Hand Weapons
 a - a +0 war axe (weapon)
Missiles
 d - 3 throwing nets (quivered)
Armour
 b - a +0 leather armour (worn)
 c - a +0 helmet (worn)
 j - a +0 plate armour
Scrolls
 e - a scroll of identify {unknown}
 f - a scroll of vulnerability {unknown}
Potions
 g - a potion of attraction {unknown}
 h - a potion of lignification {unknown}
 i - a potion of flight {unknown}


   Skills:
 - Level 2.0 Fighting
 + Level 3.9 Axes
 - Level 1.7 Throwing
 - Level 2.6 Dodging


You had 2 spell levels left.
You didn't know any spells.
Your spell library contained the following spells:

 Spells                   Type           Power      Damage    Failure   Level
 Corpse Rot               Necr/Air       N/A        N/A       58%         2
 Dispel Undead            Necr           0%         3d6       99%         4
 Death Channel            Necr           0%         N/A       100%        6


Dungeon Overview and Level Annotations

Branches:
Dungeon (1/15)

Altars:


Innate Abilities, Weirdness & Mutations

A meltable shield of frost defends you. (SH +4)


Message History

j - a +0 plate armour A giant cockroach comes into view.
A goblin and a kobold come into view.
The goblin is wielding a +0 dagger of venom.
The kobold shouts!
The goblin shouts!
You hear a shout!
You block the giant cockroach's attack.
A goblin comes into view. It is wielding a +0 dagger.
The goblin shouts!
You hit the giant cockroach.
The giant cockroach is severely wounded.
You block the giant cockroach's attack.
You hit the giant cockroach.
You kill the giant cockroach!
You hit the goblin. The goblin barely misses you.
The goblin hits you but does no damage.
You are poisoned.
You completely miss the goblin.
You feel very sick.
The goblin hits you with a +0 dagger of venom.
You are more poisoned.
A kobold comes into view. It is wielding a +0 short sword.
The kobold hits you with a +0 short sword.
There are monsters nearby!
You slash the goblin!
You kill the goblin!
You hit the kobold.
You feel very sick.
The kobold hits you with a +0 short sword.
A dart slug comes into view.
You slash the kobold!
You kill the kobold!
* * * LOW HITPOINT WARNING * * *
You feel very sick.
You slash the goblin!
You kill the goblin!
You barely miss the kobold.
* * * LOW HITPOINT WARNING * * *
You feel sick.
The kobold hits you with a +0 short sword.
You die...

## # .. ### .# #.#.
..##.####
#....##.#......
#..K.)....w. . #@# #.
#.# .. ####.# (. #.#
#....# ... ..# #.####
.>. #.##. #.# #.#.
#... #.# #.#.###.#
#.#########.##....###
#.>.....##...##.#.#..


You could see a dart slug and a kobold.

Vanquished Creatures
  5 ball pythons (D:1)
  3 bats (D:1)
  3 endoplasms (D:1)
  2 giant cockroaches (D:1)
  4 goblins (D:1)
  3 jackals (D:1)
  2 kobolds (D:1)
  2 quokkas (D:1)
  A frilled lizard (D:1)
  2 rats (D:1)
27 creatures vanquished.

Notes
Turn   | Place    | Note
-------+----------+-------------------------------------------
     0 | D:1      | Holzbalken the Demonspawn Gladiator began the quest for the
                  | Orb.
     0 | D:1      | Reached XP level 1. HP: 16/16 MP: 1/1
   153 | D:1      | Reached skill level 3 in Axes
   223 | D:1      | Found a faded altar of an unknown god.
   248 | D:1      | Gained mutation: A meltable shield of frost defends you.
                  | (SH +4) [demonic ancestry]
   248 | D:1      | Reached XP level 2. HP: 22/22 MP: 2/2
   673 | D:1      | Reached XP level 3. HP: 27/27 MP: 3/3
   714 | D:1      | Slain by a kobold

Illustrated notes

Levels and vault maps discovered:
D:1:      lightli_arrival_isolated_outpost, layout_loops_cross,
          shapermc_ecumenical_altar_pompeii

Skill      XL: |  1 |
---------------+----+-----
Axes           | 3 |  3.9
Fighting       | |  2.0
Throwing       | |  1.7
Dodging        | |  2.6

Action                   || total
-------------------------++-------
Melee: War axe           ||    48
Armor: Leather armour    ||    25
Dodge: Dodged            ||    35
Block: Other             ||     5
